 Dungeon Crawl Stone Soup version 0.29.1-15-g9cfb28693d (webtiles) character file.

Game seed: 4551379763677133205

5594 Arctor the Protected (level 10, 0/94 HPs)
             Began as a Minotaur Fighter on Feb 25, 2023.
             Was a Follower of Okawaru.
             Slain by fitz's ghost (14 damage)
             ... on level 7 of the Dungeon.
             The game lasted 00:08:45 (8799 turns).

Arctor the Protected (Minotaur Fighter)             Turns: 8799, Time: 00:08:46

Health: 0/94       AC:  8    Str: 24    XL:     10   Next: 45%
Magic:  1/3        EV:  9    Int:  5    God:    Okawaru [*.....]
Gold:   331        SH: 12    Dex: 17    Spells: 9/9 levels left

rFire   . . .      SeeInvis .   v - +1 hand axe (antimagic)
rCold   . . .      Faith    .   c - +0 buckler
rNeg    . . .      Spirit   .   b - +0 scale mail
rPois   .          Reflect  +   (helmet restricted)
rElec   .          Harm     .   (no cloak)
rCorr   +          Rampage  .   (no gloves)
Will    .....                   (no boots)
Stlth   ..........              o - amulet of reflection
HPRegen 0.25/turn               j - +6 ring of dexterity
MPRegen 0.08/turn               q - ring of resist corrosion

@: mighty, lethally poisoned (0 -> -16), about to teleport, flying, hasted,
invisible, very quick
A: horns 2, retaliatory headbutt
a: Renounce Religion, Heroism


You were on level 7 of the Dungeon.
You worshipped Okawaru.
Okawaru was aware of your devotion.
You visited 2 branches of the dungeon, and saw 8 of its levels.

You collected 331 gold pieces.

Inventory:

Hand Weapons
 a - a +0 war axe
 v - a +1 antimagic hand axe (weapon)
Armour
 b - a +0 scale mail (worn)
 c - a +0 buckler (worn)
Jewellery
 j - a +6 ring of dexterity (left hand)
 o - an amulet of reflection (around neck)
 q - a ring of resist corrosion (right hand)
 D - a ring of wizardry
Wands
 p - a wand of polymorph (6)
 t - a wand of quicksilver (10)
Scrolls
 n - 2 scrolls of poison
 r - 2 scrolls of enchant weapon
 s - a scroll of torment
 w - 2 scrolls of butterflies
 x - 3 scrolls of teleportation
 B - a scroll of silence {unknown}
 C - a scroll of enchant armour {unknown}
Potions
 d - 3 potions of might
 f - 2 potions of haste
 h - a potion of flight
 k - 4 potions of heal wounds {unknown}
 l - 4 potions of curing {unknown}
 m - 3 potions of degeneration {unknown}
 u - 2 potions of berserk rage {unknown}
 z - a potion of magic {unknown}
 A - 2 potions of attraction {unknown}


   Skills:
 + Level 10.8 Fighting
 + Level 10.4 Axes
 + Level 10.8 Armour
 + Level 10.8 Shields


You had 9 spell levels left.
You didn't know any spells.
Your spell library contained the following spells:

 Spells                   Type           Power      Damage    Failure   Level
 Foxfire                  Conj/Fire      0%         2x1d4     78%         1
 Freeze                   Ice            0%         1d3       78%         1
 Shock                    Conj/Air       0%         1d3       78%         1
 Slow                     Hex            0%         N/A       78%         1
 Sublimation of Blood     Necr           0%         N/A       89%         2
 Wereblood                Tmut           0%         N/A       89%         2
 Confusing Touch          Hex            0%         N/A       98%         3
 Conjure Flame            Conj/Fire      0%         6-21      98%         3
 Frozen Ramparts          Ice            0%         1d1       98%         3
 Ignite Poison            Fire/Tmut/Pois 0%         N/A       98%         3
 Inner Flame              Hex/Fire       0%         N/A       98%         3
 Swiftness                Air            0%         N/A       98%         3
 Vampiric Draining        Necr           0%         2d6       98%         3
 Airstrike                Air            0%         2d(0-16)  100%        4
 Flame Wave               Conj/Fire      0%         2d4       100%        4
 Hailstorm                Conj/Ice       0%         3d3       100%        4
 Sticky Flame             Conj/Fire      0%         2d3       100%        4
 Summon Hydra             Summ           Unusable   N/A       N/A         7

Dungeon Overview and Level Annotations

Branches:
Dungeon (7/15)             Temple (1/1) D:6

Altars:
Ashenzari
Cheibriados
Elyvilon
Fedhas
Gozag
Hepliaklqana
Kikubaaqudgha
Nemelex Xobeh
Okawaru
Qazlal
Ru
Sif Muna
Trog
Uskayaw
Vehumet
Wu Jian
Xom
Yredelemnul
Zin
The Shining One

Shops:
D:2 ?   D:7 =

Annotations:
D:7 fitz's ghost, novice FoFi; zlionsfan's ghost, amateur OgCA


Innate Abilities, Weirdness & Mutations

You have a pair of horns on your head.
You reflexively headbutt those who attack you in melee.


Message History

You barely miss fitz's ghost.
Fitz's ghost is heavily damaged.
You hit zlionsfan's ghost.
You feel sick. Fitz's ghost hits you.
You are more poisoned.
You block zlionsfan's ghost's attack.
It was a potion of haste.
You feel yourself speed up.
You feel very sick.
Fitz's ghost hits you but does no damage.
You are more poisoned.
Zlionsfan's ghost hits you. Zlionsfan's ghost burns you.
* * * LOW HITPOINT WARNING * * *
As you read the scroll of teleportation, it crumbles to dust.
You feel strangely unstable.
You feel sick.
Fitz's ghost hits you but does no damage.
You are lethally poisoned!
Zlionsfan's ghost closely misses you. You furiously retaliate!
You headbutt zlionsfan's ghost!
Okay, then.
It was a potion of experience.
You feel more experienced!
Your Fighting skill gained 2 levels and is now at level 10!
Your Axes skill gained 2 levels and is now at level 10!
Your Armour skill gained 2 levels and is now at level 10!
Your Shields skill gained 2 levels and is now at level 10!
You have reached level 10!
* * * LOW HITPOINT WARNING * * *
You feel very sick.
Okay, then.
It was a potion of flight.
You feel very buoyant.
You fly up into the air.
* * * LOW HITPOINT WARNING * * *
You feel very sick. You block fitz's ghost's attack.
You block zlionsfan's ghost's attack.
It was a potion of invisibility.
You fade into invisibility!
* * * LOW HITPOINT WARNING * * *
You feel very sick. Fitz's ghost hits you!
You die...

#..# ### #..# ##?.⌠P$## #..#
##8.....8## #..###
#[........# ####### #....#
#P...)....# #...... #.##.#
#⌠.......⌠# #.###.. #.##.#
#.........#####.# #.# #(##.#
#####WW'####..##.# #.#
#..#.# #.#..@....#......#
#.# ##.#.#
#.........#......# #..
#.#.#######...#..####..[...#
###
#.#........................#
#
#.#########..##.#.##.......#
#
#.#########.......##..#.#..#
#
#...............####..#.#..#
# ###########...#.#
#..#.#..# ###
#...#.####..#.#..###..


You could see fitz's ghost and zlionsfan's ghost (unable to see you).

Vanquished Creatures
  Prince Ribbit (D:7)
  A steam dragon (D:7)
  3 water moccasins
  An orc warrior (D:7)
  An ice beast (D:7)
  2 sky beasts (D:7)
  A centaur (D:5)
  A phantom (D:5)
  A bullfrog (D:7)
  2 necrophages
  A gnoll sergeant (D:5)
  3 scorpions
  4 wights (D:7)
  2 howler monkeys (D:6)
  2 quasits (D:7)
  A jelly (D:7)
  An orc priest (D:5)
  2 hounds
  2 gnoll boudas (D:4)
  5 iguanas
  6 orc wizards
  6 adders
  17 gnolls
  4 shadow imps (D:7)
  6 white imps (D:7)
  An ufetubus (D:7)
  4 worms
  5 dart slugs
  26 orcs
  10 ball pythons
  2 bats
  4 endoplasms
  2 giant cockroaches (D:1)
  16 hobgoblins
  6 jackals
  5 kobolds
  2 quokkas
  5 frilled lizards
  4 goblins
  8 rats
176 creatures vanquished.

Vanquished Creatures (others)
  7 demonic plants (D:7)
  4 withered plants (D:7)
11 creatures vanquished.

Grand Total: 187 creatures vanquished

Notes
Turn   | Place    | Note
-------+----------+-------------------------------------------
     0 | D:1      | Arctor the Minotaur Fighter began the quest for the Orb.
     0 | D:1      | Reached XP level 1. HP: 19/19 MP: 0/0
   368 | D:1      | Reached XP level 2. HP: 24/27 MP: 1/1
   673 | D:1      | Reached XP level 3. HP: 33/33 MP: 2/2
   962 | D:2      | Found Bunobb's Magic Scroll Emporium.
  1374 | D:2      | Reached XP level 4. HP: 41/41 MP: 3/3
  1836 | D:3      | Found a faded altar of an unknown god.
  1925 | D:3      | Found a basalt altar of Yredelemnul.
  1928 | D:3      | Found an ornate altar of the Wu Jian Council.
  2568 | D:4      | Noticed a necrophage
  2573 | D:4      | Killed a necrophage
  2574 | D:4      | Reached XP level 5. HP: 45/47 MP: 4/4
  2577 | D:4      | Identified a scroll of acquirement
  2579 | D:4      | Acquired an amulet of reflection
  2631 | D:4      | Reached skill level 5 in Shields
  2634 | D:4      | Reached skill level 5 in Fighting
  2634 | D:4      | Reached skill level 5 in Armour
  3009 | D:4      | Reached XP level 6. HP: 37/56 MP: 5/5
  4522 | D:5      | Entered Level 5 of the Dungeon
  4562 | D:5      | Identified the +2 rapier of Annoyance {drain, rN+ rCorr
                  | Dex-4}
  4651 | D:5      | Reached skill level 5 in Axes
  4651 | D:5      | Reached XP level 7. HP: 16/62 MP: 2/6
  5294 | D:5      | Reached XP level 8. HP: 15/71 MP: 2/7
  6638 | D:6      | Found a staircase to the Ecumenical Temple.
  6677 | Temple   | Entered the Ecumenical Temple
  6746 | Temple   | Became a worshipper of Warmaster Okawaru
  6869 | D:6      | Found a glowing silver altar of Zin.
  7385 | D:7      | Noticed Prince Ribbit
  7402 | D:7      | Killed Prince Ribbit
  7402 | D:7      | Reached * piety under Okawaru
  7403 | D:7      | Reached XP level 9. HP: 31/81 MP: 2/8
  7934 | D:7      | Found Vugol's Jewellery Boutique.
  8211 | D:7      | Found a snail-covered altar of Cheibriados.
  8383 | D:7      | Found a runed translucent gate.
  8383 | D:7      | Found a runed translucent gate.
  8537 | D:7      | Found a runed translucent gate.
  8542 | D:7      | Noticed fitz's ghost (novice FoFi)
  8542 | D:7      | Noticed zlionsfan's ghost (amateur OgCA)
  8797 | D:7      | Reached skill level 10 in Fighting
  8797 | D:7      | Reached skill level 10 in Axes
  8797 | D:7      | Reached skill level 10 in Armour
  8797 | D:7      | Reached skill level 10 in Shields
  8797 | D:7      | Reached XP level 10. HP: 25/94 MP: 1/9
  8799 | D:7      | Slain by fitz's ghost

Illustrated notes

Levels and vault maps discovered:
D:1:      scummos_arrival_forest, layout_basic, minmay_quantized
D:2:      layout_rooms, serial_shops, shop
D:3:      layout_basic, grunt_temple_overflow_open,
          dreamdust_ecumenical_altar_statues
D:4:      layout_layer_cave
D:5:      layout_gridville, nicolae_elevator_lobby_plus
D:6:      layout_cave_pools, mainiacjoe_overflow_alcove_4,
          minmay_temple_entry_slanted, hex_medium
D:7:      layout_loops_ring, lemuel_tele_altar, serial_shops,
          nicolae_take_the_stairs, gammafunk_ghost_cemetery, serial_demonic,
          serial_demonic_f, serial_demonic_f, serial_demonic_e,
          serial_demonic_d, grunt_ministairs_15, nrook_pool_corridor,
          uniq_prince_ribbit1
Temple:   nicolae_temple_x_marks_the_god

Skill      XL: |  1  2  3  4  5  6  7  8  9 |
---------------+----------------------------+-----
Shields        | 4 5 6 8 10 | 10.8
Fighting       | 4 5 6 8 10 | 10.8
Armour         | 4 5 6 8 10 | 10.8
Axes           | 3 4 5 6 7 10 | 10.4

Action                   |  1- 3 |  4- 6 |  7- 9 | 10-12 || total
-------------------------+-------+-------+-------+-------++-------
Melee: War axe           |    78 |   127 |       |       ||   205
       Headbutt          |    10 |    19 |    74 |       ||   103
       Hand axe          |       |    19 |   297 |       ||   316
Invok: Heroism           |       |       |     1 |       ||     1
  Use: Scroll            |       |     4 |     5 |       ||     9
       Potion            |       |       |     3 |     2 ||     5
Armor: Scale mail        |    46 |    40 |    71 |       ||   157
Dodge: Dodged            |    44 |    50 |    83 |       ||   177
Block: Buckler           |    17 |    59 |   153 |     2 ||   231
       Reflection        |       |     4 |     2 |       ||     6
